 Dungeon Crawl Stone Soup version 0.28-a0-1435-g82390b3a13 (webtiles) character file.

Game seed: 14284998329290531721

172 grumblor the Shield-Bearer (level 5, -2/28 HPs)
             Began as a Vine Stalker Fighter on Jan 10, 2022.
             Slain by Grinder (5 damage)
             ... on level 3 of the Dungeon.
             The game lasted 00:04:40 (1845 turns).

grumblor the Shield-Bearer (Vine Stalker Fighter)   Turns: 1845, Time: 00:04:40

Health: -2/28      AC:  7    Str: 20    XL:     5   Next: 52%
Magic:  0/8        EV:  9    Int:  8    God:
Gold:   135        SH:  6    Dex: 14    Spells: 7/7 levels left

rFire   . . .      SeeInvis .   a - +1 war axe
rCold   . . .      Faith    .   c - +1 buckler
rNeg    . . .      Spirit   +   b - +0 scale mail
rPois   .          Reflect  .   (no helmet)
rElec   .          Harm     .   (no cloak)
rCorr   +          Rampage  .   j - +0 pair of gloves
Will    .....                   (no boots)
Stlth   ..........              (no amulet)
HPRegen 0.89/turn               e - ring of resist corrosion
MPRegen 0.11/turn               f - ring of flight

@: flying
A: fangs 2, regeneration 1, magic shield, antimagic bite, no potion heal 2
a: no special abilities


You were on level 3 of the Dungeon.
You visited 1 branch of the dungeon, and saw 3 of its levels.

You collected 135 gold pieces.

Inventory:

Hand Weapons
 a - a +1 war axe (weapon)
Missiles
 i - 8 poisoned darts (quivered)
 o - 4 boomerangs
Armour
 b - a +0 scale mail (worn)
 c - a +1 buckler (worn)
 j - a +0 pair of gloves (worn)
Jewellery
 e - a ring of resist corrosion (left hand)
 f - a ring of flight (right hand)
 h - a ring of fire
Wands
 k - a wand of flame (22)
 p - a wand of paralysis (13)
Scrolls
 g - a scroll of enchant armour
 n - a scroll of teleportation
Potions
 d - a potion of might
 l - a potion of mutation {unknown}
 m - 3 potions of curing
 q - a potion of degeneration {unknown}


   Skills:
 + Level 3.1 Fighting
 + Level 2.7 Axes
 * Level 1.2 Throwing
 + Level 2.8 Armour
 * Level 1.4 Dodging
 + Level 3.1 Shields
 * Level 1.5 Spellcasting
 * Level 0.1 Evocations


You had 7 spell levels left.
You didn't know any spells.
Your spell library was empty.

Dungeon Overview and Level Annotations

Branches:
Dungeon (3/15)

Altars:

Shops:
D:2 =   D:3 =

Annotations:
D:3 Grinder


Innate Abilities, Weirdness & Mutations

You have extremely sharp teeth.
Your natural rate of healing is unusually fast.
When hurt, damage is shared between your health and your magic reserves.
Your bite disrupts and absorbs the magic of your enemies.
Potions cannot restore your health.


Message History

Grinder is moderately wounded.
Grinder hits you.
You closely miss Grinder.
Grinder is moderately wounded.
You block Grinder's attack.
You hit Grinder. Your bite misses Grinder.
Grinder is heavily wounded.
Grinder hits you!
Grinder falters for a moment.
You slash Grinder! You bite Grinder.
Grinder's magic leaks into the air.
You drain her magic.
You feel invigorated.
Grinder is almost dead.
Grinder barely misses you.
You closely miss Grinder.
Grinder is almost dead.
Grinder hits you.
You writhe in agony.
Grinder says, "Just stop there for a second..."
Grinder hits you.
You are too injured to fight recklessly!
You are too injured to fight recklessly!
Unknown command.
You are too injured to fight recklessly!
Unknown command.
You are too injured to fight recklessly!
Unknown command.
You are too injured to fight recklessly!
You are too injured to fight recklessly!
Unknown command.
You are too injured to fight recklessly!
Unknown command.
You hit Grinder.
Grinder is almost dead.
Grinder hits you!
* * * LOW HITPOINT WARNING * * *
Unknown command.
You closely miss Grinder.
Grinder is almost dead.
Grinder hits you!
* * * LOW HITPOINT WARNING * * *
You writhe in agony.
You die...

....#######.≈≈≈≈.'....>.#
.#### #......##.....#
####################†...# #
#..........#.####...###
##.########......#..## ##..#
#...####.....######
#..#######.### ##.##......#
...........>#########......#
.#####.####....5@...#......#
.# #########........# ##
###....>.# # #......# ####.#
#......# .....# ##########
#......# .##### ##.........
#......# .# ##..........
######## .# #....)......


You could see Grinder (magic disrupted).

Vanquished Creatures
  Natasha (thrice) (D:2)
  3 adders
  A worm (D:3)
  3 dart slugs
  3 ball pythons
  5 endoplasms
  A giant cockroach (D:3)
  3 goblins
  7 hobgoblins
  9 jackals
  3 kobolds (D:1)
  3 quokkas
  5 bats
  3 frilled lizards (D:1)
  3 rats
55 creatures vanquished.

Notes
Turn   | Place    | Note
-------+----------+-------------------------------------------
     0 | D:1      | grumblor the Vine Stalker Fighter began the quest for the
                  | Orb.
     0 | D:1      | Reached XP level 1. HP: 11/11 MP: 2/2
   152 | D:1      | Reached XP level 2. HP: 12/16 MP: 0/3
   806 | D:1      | Reached XP level 3. HP: 16/19 MP: 3/5
   987 | D:2      | Noticed Natasha
  1000 | D:2      | Killed Natasha
  1001 | D:2      | Reached skill level 1 in Spellcasting
  1064 | D:2      | Gained mutation: Your natural rate of healing is unusually
                  | fast. [Vine Stalker growth]
  1064 | D:2      | Reached XP level 4. HP: 21/24 MP: 3/6
  1112 | D:2      | Reached skill level 1 in Dodging
  1271 | D:2      | Noticed Natasha
  1278 | D:2      | Killed Natasha
  1279 | D:2      | Reached XP level 5. HP: 20/28 MP: 4/8
  1356 | D:2      | Found Poanty's Jewellery Boutique.
  1405 | D:2      | Noticed Natasha
  1413 | D:2      | Killed Natasha
  1414 | D:2      | Reached skill level 1 in Throwing
  1655 | D:3      | Found Meppyadom's Jewellery Boutique.
  1834 | D:3      | Noticed Grinder
  1845 | D:3      | Slain by Grinder

Illustrated notes

Levels and vault maps discovered:
D:1:      matt_arrival_diagonals, layout_basic, serial_curves, eino_curves_03,
          eino_curves_04
D:2:      layout_rooms, serial_shops, shop, kennysheep_generic_room_6,
          uniq_natasha
D:3:      layout_rooms, serial_shops, shop, grunt_ministairs_9, dk_vineyard_2,
          uniq_grinder

Skill      XL: |  1  2  3  4  5 |
---------------+----------------+-----
Axes           | 2 |  2.7
Shields        | 3 |  3.1
Spellcasting   | 1 |  1.5
Fighting       | 3 |  3.1
Dodging        | 1 |  1.4
Throwing       | 1 |  1.2
Armour         | |  2.8
Evocations     | |  0.1

Action                   |  1- 3 |  4- 6 || total
-------------------------+-------+-------++-------
Melee: War axe           |    70 |    85 ||   155
       Bite              |    13 |    20 ||    33
  Use: Scroll            |     2 |     4 ||     6
Armor: Scale mail        |    41 |    33 ||    74
Dodge: Dodged            |    43 |    37 ||    80
Block: Buckler           |    27 |    34 ||    61

Table legend: (Time is in decaauts)
 A = Elapsed time spent in this place.
 B = Non-inter-level travel time spent in this place.
 C = Inter-level travel time spent in this place.
 D = Time resting spent in this place.
 E = Time spent auto-exploring this place.
 F = Levels seen in this place.
 G = Mean time per level.
                   A        B        C        D        E       F      G
               +--------+--------+--------+--------+--------+-----+--------+
         Total |   1935 |   1910 |     25 |      0 |   1484 |   3 |  645.0 |
       Dungeon |   1935 |   1910 |     25 |      0 |   1484 |   3 |  645.0 |
               +--------+--------+--------+--------+--------+-----+--------+

Top non-repeatable levels by time:
     D:1: 998 daAuts
     D:2: 595 daAuts
     D:3: 342 daAuts
